 Dungeon Crawl Stone Soup version 0.29-a0-384-g6960b1960d (webtiles) character file.

Game seed: 7937396958709115061

828 thiscave3701365 the Cleaver (level 7, -2/91 HPs)
             Began as a Minotaur Berserker on May 6, 2022.
             Was a Priest of Trog.
             Slain by a two-headed ogre
             ... wielding a +0 giant club
              (26 damage)
             ... on level 5 of the Dungeon.
             The game lasted 00:03:45 (5488 turns).

thiscave3701365 the Cleaver (Minotaur Berserker)    Turns: 5488, Time: 00:03:46

Health: -2/91      AC: 16    Str: 23    XL:     7   Next: 64%
Magic:  6/6        EV:  7    Int:  4    God:    Trog [***...]
Gold:   244        SH:  0    Dex: 10    Spells: 6/6 levels left

rFire   . . .      SeeInvis .   a - +0 hand axe
rCold   . . .      Faith    .   (no shield)
rNeg    . . .      Spirit   .   q - +0 plate armour
rPois   +          Reflect  .   (helmet restricted)
rElec   .          Harm     .   l - +0 cloak
rCorr   .          Rampage  .   b - +2 pair of gloves
Will    .....                   (no boots)
Stlth   ..........              o - amulet "Cekyfeec" {rPois Regen+ Stlth+}
HPRegen 1.05/turn               (no ring)
MPRegen 0.10/turn               (no ring)

@: berserking, very quick
A: horns 2, retaliatory headbutt
a: Renounce Religion, Berserk, Trog's Hand


You were on level 5 of the Dungeon.
You worshipped Trog.
Trog was most pleased with you.
You visited 1 branch of the dungeon, and saw 5 of its levels.

You collected 244 gold pieces.

Inventory:

Hand Weapons
 a - a +0 hand axe (weapon)
Armour
 b - a +2 pair of gloves (worn)
 l - a +0 cloak (worn)
 q - a +0 plate armour (worn)
Jewellery
 o - the amulet "Cekyfeec" (around neck) {rPois Regen+ Stlth+}
   (You found it on level 3 of the Dungeon)

   [amulet of regeneration]

   rPois:     It protects you from poison.
   Regen:     It increases your rate of health regeneration.
   Stlth:     It makes you more stealthy.
 r - a ring of positive energy
Wands
 u - a wand of flame (17)
Scrolls
 e - 2 scrolls of enchant weapon {unknown}
 h - a scroll of brand weapon {unknown}
 i - 3 scrolls of fear {unknown}
 m - 3 scrolls of identify {unknown}
 p - a scroll of magic mapping {unknown}
 s - 3 scrolls of poison {unknown}
 t - a scroll of teleportation {unknown}
 v - a scroll of silence {unknown}
Potions
 c - a potion of lignification {unknown}
 d - 2 potions of brilliance {unknown}
 f - a potion of degeneration {unknown}
 g - a potion of cancellation {unknown}
 j - a potion of attraction {unknown}
 k - a potion of ambrosia {unknown}
 n - a potion of invisibility {unknown}


   Skills:
 + Level 5.5 Fighting
 + Level 8.1 Axes
 + Level 5.3 Armour
 + Level 3.7 Dodging
 + Level 1.0 Stealth


You had 6 spell levels left.
You didn't know any spells.
Your spell library was empty.

Dungeon Overview and Level Annotations

Branches:
Dungeon (5/15)
 Temple: D:4-7

Altars:
Qazlal


Innate Abilities, Weirdness & Mutations

You have a pair of horns on your head.
You reflexively headbutt those who attack you in melee.


Message History

The adder is severely wounded.
The adder barely misses you. You furiously retaliate!
You headbutt the adder!
You kill the adder!
Trog accepts your kill.
Unknown command.
No target in view!
Unknown command.
You see here an adder corpse.
s - 3 scrolls labelled RUNIPROINE (gained 1)
You now have 232 gold pieces (gained 18).
There is a stone staircase leading up here.
You see here a +0 hand axe.
Key pressed, stopping explore.
No target in view!
You now have 244 gold pieces (gained 12).
v - a scroll labelled BUNLOA FOTTY A two-headed ogre comes into view.
It is wielding two +0 giant clubs.
Found an escape hatch in the floor.
The two-headed ogre shouts in stereo!
A two-headed ogre is nearby!
A two-headed ogre is nearby!
A two-headed ogre is nearby!
The two-headed ogre hits you with a +0 giant club!! x2
You are too injured to fight recklessly!
You are too injured to fight recklessly!
Unknown command.
A red film seems to cover your vision as you go berserk!
You feel yourself moving faster!
You feel mighty!
You slash the two-headed ogre!
The two-headed ogre is moderately wounded.
The two-headed ogre hits you but does no damage.
The two-headed ogre hits you with a +0 giant club!
* * * LOW HITPOINT WARNING * * *
You barely miss the two-headed ogre.
The two-headed ogre is moderately wounded.
You hit the two-headed ogre.
The two-headed ogre is moderately wounded.
The two-headed ogre closely misses you.
The two-headed ogre hits you with a +0 giant club!!
You die...

#............##
#.##.....#.....
#.#......###[..
#.#....### #...
##########.#....#..##...
.........#.#....#.....[.
.........+..............
.........#..............
#...O@................
#.......#####.........
#.......# .......#.
+>........ ..##.....
#.......#.. .........
#########.#.. #...... #
. ... . #.#.. ...


You could see a two-headed ogre.

Vanquished Creatures
  Duvessa (D:5)
  A black bear (D:4)
  An ogre (D:4)
  A centaur (D:5)
  A necrophage (D:5)
  A scorpion (D:4)
  Dowan (D:5)
  2 jellies
  A hound (D:4)
  An iguana (D:4)
  2 orc wizards (D:3)
  5 adders
  2 dart slugs (D:2)
  7 orcs
  5 ball pythons
  8 endoplasms
  3 giant cockroaches
  9 goblins
  9 hobgoblins
  10 kobolds
  2 quokkas
  11 bats
  5 frilled lizards
  5 rats
94 creatures vanquished.

Notes
Turn   | Place    | Note
-------+----------+-------------------------------------------
     0 | D:1      | thiscave3701365 the Minotaur Berserker began the quest for
                  | the Orb.
     0 | D:1      | Reached XP level 1. HP: 19/19 MP: 0/0
    12 | D:1      | Found a faded altar of an unknown god.
   372 | D:1      | Reached XP level 2. HP: 27/27 MP: 1/1
   662 | D:1      | Reached skill level 4 in Axes
   756 | D:1      | Reached ** piety under Trog
   897 | D:1      | Reached XP level 3. HP: 29/33 MP: 2/2
  2720 | D:3      | Reached XP level 4. HP: 41/41 MP: 3/3
  2745 | D:3      | Identified the amulet "Cekyfeec" {rPois Regen+ Stlth+}
  2971 | D:3      | Reached skill level 5 in Axes
  3034 | D:3      | Reached XP level 5. HP: 47/47 MP: 4/4
  3465 | D:4      | Reached skill level 6 in Axes
  3827 | D:4      | Reached XP level 6. HP: 55/55 MP: 5/5
  4284 | D:4      | Found a stormy altar of Qazlal.
  4323 | D:4      | Reached skill level 5 in Fighting
  4362 | D:4      | Reached *** piety under Trog
  4365 | D:4      | Reached skill level 7 in Axes
  4685 | D:4      | Reached XP level 7. HP: 61/61 MP: 6/6
  4864 | D:5      | Entered Level 5 of the Dungeon
  4885 | D:5      | Reached skill level 1 in Stealth
  4888 | D:5      | Noticed Duvessa
  4901 | D:5      | Killed Duvessa
  4902 | D:5      | Reached skill level 5 in Armour
  5144 | D:5      | Noticed Dowan
  5150 | D:5      | Killed Dowan
  5151 | D:5      | Reached skill level 8 in Axes
  5481 | D:5      | Noticed a two-headed ogre
  5488 | D:5      | Slain by a two-headed ogre

Illustrated notes

Levels and vault maps discovered:
D:1:      dpeg_arrival_solitude, layout_basic, ebering_ecumenical_altar_webs
D:2:      layout_basic
D:3:      layout_loops_cross
D:4:      layout_basic, mainiacjoe_overflow_surrounded_room,
          minmay_ogre_servants
D:5:      layout_basic, kennysheep_generic_room_8, uniq_duvessa

Skill      XL: |  1  2  3  4  5  6  7 |
---------------+----------------------+-----
Fighting       | 4 5 |  5.5
Axes           | 4 5 6 7 8 |  8.1
Dodging        | 3 |  3.7
Armour         | 3 4 5 |  5.3
Stealth        | 1 |  1.0

Action                   |  1- 3 |  4- 6 |  7- 9 || total
-------------------------+-------+-------+-------++-------
Melee: Hand axe          |   102 |    76 |    47 ||   225
       Headbutt          |    18 |    16 |     8 ||    42
Invok: Berserk           |     1 |     4 |     3 ||     8
Armor: Animal skin       |    13 |       |       ||    13
       Scale mail        |    11 |     2 |       ||    13
       Plate armour      |       |    44 |    35 ||    79
       Chain mail        |       |     1 |       ||     1
Dodge: Dodged            |    66 |    23 |    14 ||   103

Table legend: (Time is in decaauts)
 A = Elapsed time spent in this place.
 B = Non-inter-level travel time spent in this place.
 C = Inter-level travel time spent in this place.
 D = Time resting spent in this place.
 E = Time spent auto-exploring this place.
 F = Levels seen in this place.
 G = Mean time per level.
                   A        B        C        D        E       F      G
               +--------+--------+--------+--------+--------+-----+--------+
         Total |   5569 |   5457 |    112 |   1958 |   2897 |   5 | 1113.8 |
       Dungeon |   5569 |   5457 |    112 |   1958 |   2897 |   5 | 1113.8 |
               +--------+--------+--------+--------+--------+-----+--------+

Top non-repeatable levels by time:
     D:4: 1680 daAuts
     D:2: 1356 daAuts
     D:1: 1196 daAuts
     D:3: 936 daAuts
     D:5: 400 daAuts
